 Dungeon Crawl Stone Soup version 0.21.0-3-g78d12a8 (webtiles) character file.

181 komo4ek the Shooter (level 5, -2/61 HPs)
             Began as a Human Hunter on Jan 16, 2018.
             Slain by Grinder (6 damage)
             ... on level 2 of the Dungeon.
             The game lasted 00:11:05 (3997 turns).

komo4ek the Shooter (Human Hunter)                  Turns: 3997, Time: 00:11:06

Health: -2/61      AC:  4    Str: 16 (18) XL:     5   Next: 92%
Magic:  5/5        EV: 13    Int:  9 (11) God:
Gold:   70         SH:  0    Dex: 13 (14) Spells: 4/4 levels left

rFire    . . .     SeeInvis .   m - +0 spear
rCold    . . .     Gourm    .   (no shield)
rNeg     . . .     Faith    .   c - +0 leather armour
rPois    .         Spirit   .   (no helmet)
rElec    .         Reflect  .   (no cloak)
rCorr    .         Harm     .   (no gloves)
MR       .....                  q - +0 pair of boots
Stlth    ..........             u - amulet of rage
HPRegen  0.20/turn              (no ring)
MPRegen  0.09/turn              (no ring)

@: berserking, very quick
A: no striking features
a: Evoke Berserk Rage


You were on level 2 of the Dungeon.
You were not hungry.

You visited 1 branch of the dungeon, and saw 3 of its levels.

You collected 70 gold pieces.

Inventory:

Hand Weapons
 a - a +1 shortbow
 m - a +0 spear (weapon)
 o - a +0 hunting sling
Missiles
 b - 14 sling bullets
 d - 48 arrows
 g - 114 stones (quivered)
 j - 15 poisoned needles
Armour
 c - a +0 leather armour (worn)
 q - a +0 pair of boots (worn)
Jewellery
 u - an amulet of rage (around neck)
Scrolls
 e - a scroll of identify {unknown}
 h - a scroll of immolation {unknown}
 i - a scroll of remove curse {unknown}
 l - a scroll of blinking {unknown}
 p - 3 scrolls of amnesia {unknown}
 t - a scroll of teleportation {unknown}
Potions
 s - a potion of lignification {unknown}
Books
 n - a book of Burglary

   Spells                             Type                      Level
   a - Swiftness                      Charms/Air                   2
   b - Passwall                       Transmutation/Earth          2
   c - Passage of Golubria            Translocation                4
   d - Lee's Rapid Deconstruction     Earth                        5
   e - Darkness                       Hexes                        6
   f - Invisibility                   Hexes                        6
Comestibles
 f - 10 rations


   Skills:
 - Level 3.2 Fighting
 + Level 2.6 Slings
 - Level 4.0 Bows
 - Level 2.2 Armour
 - Level 3.1 Dodging
 - Level 1.0 Stealth


You had 4 spell levels left.
You didn't know any spells.

Dungeon Overview and Level Annotations

Branches:
Dungeon (3/15)

Altars:

Annotations:
D:2 Grinder
D:3 Suckerboh's ghost, amateur OgAM


Message History

Grinder gestures at you. Pain shoots through your body!
* * * LOW HITPOINT WARNING * * *
Grinder hits you but does no damage.
You can move again.
There is a stone staircase leading up, spattered with blood here.
You see here a war axe.
You can't go down here!
Grinder misses you.
You climb upwards.
There is a stone staircase leading down here.
It was a potion of berserk rage.
A red film seems to cover your vision as you go berserk!
You feel yourself moving faster!
You feel mighty! Grinder gestures at you. You resist with significant effort.
You closely miss Grinder. Grinder hits you.
* * * LOW HITPOINT WARNING * * *
You writhe in agony.
You die...

# # # ############ # #
#..........# # ######
#..........# # ##...#
#..........# # ##.).##
#..........# ## ##....#
######..........# ####.
.#....####.........##########....
......##....####@5#########....##
.........##.# ##.##.[...#......##
..##..#..##.###..#...............
............#............>......#
.<.##...........#...............#
....#......)...##................
..#.......#...###................
....##..........#...............#
..#######.......................#


You could see Grinder.

Vanquished Creatures
  Jessica (D:2)
  Natasha (D:3)
  5 adders (D:2)
  2 oozes (D:1)
  A worm (D:2)
  2 dart slugs (D:1)
  2 orcs (D:3)
  12 bats
  2 giant cockroaches (D:1)
  7 goblins
  10 hobgoblins
  4 jackals
  6 kobolds
  A quokka (D:2)
  2 frilled lizards
  10 rats
68 creatures vanquished.

Notes
Turn   | Place    | Note
-------+----------+-------------------------------------------
     0 | D:1      | komo4ek the Human Hunter began the quest for the Orb.
     0 | D:1      | Reached XP level 1. HP: 16/16 MP: 1/1
   326 | D:1      | Reached XP level 2. HP: 18/22 MP: 2/2
   336 | D:1      | Reached skill level 1 in Armour
   633 | D:1      | Reached XP level 3. HP: 27/28 MP: 3/3
  1699 | D:1      | Reached XP level 4. HP: 34/34 MP: 4/4
  2236 | D:3      | Noticed Suckerboh's ghost (amateur OgAM)
  2265 | D:3      | Noticed Grinder
  2551 | D:2      | Reached XP level 5. HP: 25/41 MP: 5/5
  2904 | D:2      | Reached skill level 1 in Slings
  3017 | D:2      | Noticed Jessica
  3024 | D:2      | Killed Jessica
  3199 | D:3      | Noticed Natasha
  3210 | D:3      | Killed Natasha
  3976 | D:3      | Paralysed by Grinder for 6 turns
  3986 | D:3      | Paralysed by Grinder for 6 turns
  3997 | D:2      | Slain by Grinder

Skill      XL: |  1  2  3  4  5 |
---------------+----------------+-----
Armour         | 1 2 |  2.2
Fighting       | 3 |  3.2
Dodging        | 3 |  3.1
Slings         | 2 |  2.6
Bows           | |  4.0
Stealth        | |  1.0

Action                   |  1- 3 |  4- 6 || total
-------------------------+-------+-------++-------
Melee: Short sword       |   171 |    45 ||   216
       Spear             |       |   155 ||   155
 Fire: Shortbow          |       |    26 ||    26
       Hunting sling     |       |    12 ||    12
  Use: Potion            |       |     5 ||     5
 Stab: Sleeping          |     2 |     2 ||     4
  Eat: Chunk             |     2 |     2 ||     4
       Ration            |       |     2 ||     2
Armor: Leather armour    |    75 |    55 ||   130
Dodge: Dodged            |   194 |   159 ||   353
